 Dungeon Crawl Stone Soup version 0.20.0-15-g7f486f2 (webtiles) character file.

1435 zhorgal the Basher (level 8, -2/70 HPs)
             Began as a Minotaur Berserker on June 10, 2017.
             Was an Elder of Trog.
             Slain by a worker ant (4 damage)
             ... on level 6 of the Dungeon.
             The game lasted 00:13:03 (4759 turns).

zhorgal the Basher (Minotaur Berserker)             Turns: 4759, Time: 00:13:03

Health: -2/70      AC: 14    Str: 23    XL:     8   Next: 45%
Magic:  7/7        EV: 14    Int:  4    God:    Trog [****..]
Gold:   225        SH:  0    Dex: 16    Spells: 7/7 levels left

rFire    + . .     SeeInvis .   r - +0 flail
rCold    + . .     Gourm    .   (no shield)
rNeg     . . .     Faith    .   t - +0 plate armour
rPois    +         Spirit   .   (helmet restricted)
rElec    +         Reflect  .   (no cloak)
rCorr    +         Harm     .   (no gloves)
MR       .....     Clarity  +   (no boots)
Stlth    ..........             (no amulet)
Regen    0.3/turn               (no ring)
MPRegen  0.1/turn               (no ring)

@: agile, lethally poisoned (-2 -> -5), resistant, berserk cooldown, slowed,
very slow
A: retaliatory headbutt, horns 2, iridescent scales 1, clarity
a: Berserk, Trog's Hand, Brothers in Arms, Burn Spellbooks, Renounce Religion


You were on level 6 of the Dungeon.
You worshipped Trog.
Trog was greatly pleased with you.
You were very hungry.

You visited 1 branch of the dungeon, and saw 6 of its levels.

You collected 225 gold pieces.

Inventory:

Hand Weapons
 a - a +1 mace
 r - a +0 flail (weapon)
 y - a +1 whip of draining
Missiles
 e - 5 tomahawks (quivered)
 h - 4 javelins
 w - 3 exploding tomahawks
Armour
 t - a +0 plate armour (worn)
Wands
 k - a wand of flame (27/48)
 D - a wand of polymorph (9/24)
 E - a wand of lightning (12/15)
Scrolls
 d - 3 scrolls of immolation {unknown}
 f - 5 scrolls of identify {unknown}
 g - 2 scrolls of recharging {unknown}
 i - a scroll of remove curse
 o - a scroll of magic mapping
 s - 3 scrolls of fear {unknown}
 v - a scroll of blinking {unknown}
 B - a scroll of random uselessness {unknown}
Potions
 b - 2 potions of might {unknown}
 j - 2 potions of invisibility {unknown}
 l - a potion of berserk rage {unknown}
 m - 4 potions of agility
 n - a potion of mutation {!q}
 p - a potion of curing {unknown}
 q - a potion of lignification {unknown}
 u - 2 potions of heal wounds {unknown}
 x - a potion of cancellation {unknown}
 A - a potion of flight {unknown}
 C - a potion of brilliance {unknown}
 F - a potion of resistance
Comestibles
 c - 5 bread rations
 z - 3 meat rations
 G - 3 chunks of flesh


   Skills:
 + Level 5.8 Fighting
 * Level 10.5 Maces & Flails
 + Level 5.0 Armour
 + Level 4.3 Dodging


You had 7 spell levels left.
You didn't know any spells.

Dungeon Overview and Level Annotations

Branches:
Dungeon (6/15)             Temple (0/1) D:4

Altars:
Ashenzari
Vehumet

Shops:
D:5 (


Innate Abilities, Weirdness & Mutations

You reflexively headbutt those who attack you in melee.
You have a pair of horns on your head.
You are partially covered in iridescent scales. (AC +2)
You possess an exceptional clarity of mind.


Message History

The worker ant bites you but does no damage.
A bullfrog skeleton comes into view.
It was a potion of mutation.
You feel extremely strange.
Iridescent scales grow over part of your body.
Your thoughts seem clearer.
* * * LOW HITPOINT WARNING * * *
You feel sick. The worker ant barely misses you.
The worker ant bites you but does no damage.
Unknown command.
It was a potion of agility.
You feel agile all of a sudden.
* * * LOW HITPOINT WARNING * * *
You feel sick.
The worker ant bites you but does no damage.
Unknown command.
It was a potion of resistance.
You feel protected.
* * * LOW HITPOINT WARNING * * *
You feel sick. The worker ant bites you.
You die...

# ##.###.#.(.....†)._...#
#.####...##......).#.......#
#.............###..#......##
####.#...###.......#.####.#
#.##.....>......#.# #
#.#######..###.##.# #.# #.Z#
#..Z.# #.# #.a# ####.# #.#
#.@# # #.# #..# #.# #... #.#
#.... #.# ###### #.# #.# #.#
#.#


You could see a worker ant and a bullfrog skeleton.

Vanquished Creatures
  An ice beast (D:6)
  An orc warrior (D:6)
  3 ogres
  A centaur (D:6)
  A phantom (D:5)
  Blork the orc (D:5)
  2 scorpions
  2 howler monkeys
  A crimson imp (D:5)
  A centaur skeleton (D:4)
  A hound (D:5)
  2 orc wizards (D:4)
  An orc priest (D:6)
  A bullfrog skeleton (D:6)
  2 iguanas
  4 worker ants
  A hound skeleton (D:6)
  4 adders
  A shadow imp (D:6)
  5 oozes (D:1)
  An adder zombie (D:5)
  A dart slug (D:2)
  6 worms
  8 leopard geckos
  8 orcs
  5 ball pythons
  9 bats
  9 giant cockroaches
  11 goblins
  9 hobgoblins
  10 jackals
  2 quokkas
  6 frilled lizards
  7 kobolds
  A leopard gecko skeleton (D:4)
  A leopard gecko zombie (D:5)
  11 rats
141 creatures vanquished.

Notes
Turn   | Place    | Note
-------+----------+-------------------------------------------
     0 | D:1      | zhorgal the Minotaur Berserker began the quest for the Orb.
     0 | D:1      | Reached XP level 1. HP: 19/19 MP: 0/0
     1 | D:1      | Found a runed door.
    95 | D:1      | Reached skill level 4 in Maces & Flails
   112 | D:1      | Reached XP level 2. HP: 14/26 MP: 1/1
   601 | D:1      | Reached skill level 5 in Maces & Flails
   648 | D:1      | Reached ** piety under Trog
   749 | D:1      | Reached XP level 3. HP: 31/31 MP: 2/2
  1121 | D:1      | Reached XP level 4. HP: 38/39 MP: 3/3
  1122 | D:1      | Reached skill level 6 in Maces & Flails
  1692 | D:2      | Found a radiant altar of Vehumet.
  1719 | D:2      | Reached *** piety under Trog
  2578 | D:3      | Reached skill level 7 in Maces & Flails
  2578 | D:3      | Reached XP level 5. HP: 36/45 MP: 4/4
  2940 | D:4      | Reached skill level 8 in Maces & Flails
  3028 | D:4      | Found a staircase to the Ecumenical Temple.
  3068 | D:4      | Reached XP level 6. HP: 23/51 MP: 5/5
  3544 | D:4      | Reached **** piety under Trog
  3623 | D:4      | Reached skill level 9 in Maces & Flails
  3623 | D:4      | Reached XP level 7. HP: 53/59 MP: 6/6
  3877 | D:5      | Entered Level 5 of the Dungeon
  4048 | D:5      | Noticed Blork the orc
  4060 | D:5      | Killed Blork the orc
  4287 | D:5      | Found Ytzar's Weapon Emporium.
  4547 | D:6      | Reached skill level 5 in Fighting
  4547 | D:6      | Reached skill level 10 in Maces & Flails
  4547 | D:6      | Reached XP level 8. HP: 68/68 MP: 7/7
  4708 | D:6      | Found a shattered altar of Ashenzari.
  4749 | D:6      | Reached skill level 5 in Armour
  4757 | D:6      | Gained mutation: You are partially covered in iridescent scales. (AC +2) [potion of mutation]
  4757 | D:6      | Gained mutation: You possess an exceptional clarity of mind. [potion of mutation]
  4757 | D:6      | HP: 3/70 [poisoned by a worker ant]
  4759 | D:6      | Slain by a worker ant

Skill      XL: |  1  2  3  4  5  6  7  8 |
---------------+-------------------------+-----
Maces & Flails | 4 5 7 8 9 10 | 10.5
Fighting       | 4 5 |  5.8
Armour         | 3 4 5 |  5.0
Dodging        | 3 4 |  4.3

Action                   |  1- 3 |  4- 6 |  7- 9 || total
-------------------------+-------+-------+-------++-------
Melee: Mace              |    70 |   161 |    88 ||   319
       Headbutt          |    14 |    35 |    23 ||    72
       Flail             |       |       |    31 ||    31
Invok: Berserk           |       |     1 |     2 ||     3
       Burn Spellbooks   |       |     1 |       ||     1
  Use: Scroll            |       |     3 |       ||     3
       Potion            |       |       |     3 ||     3
  Eat: Chunk             |     1 |     8 |     5 ||    14
Armor: Animal skin       |     4 |       |       ||     4
       Ring mail         |    16 |    36 |       ||    52
       Plate armour      |       |    14 |    66 ||    80
Dodge: Dodged            |    46 |    79 |    46 ||   171
